 Dungeon Crawl Stone Soup version 0.29.1-14-g9c671dbff4 (webtiles) character file.

Game seed: 16548513449691130650

21332 promet the Spear-Bearer (level 12, -9/99 HPs)
             Began as a Merfolk Fighter on Feb 17, 2023.
             Was a Priest of Wu Jian.
             Mangled by a merfolk
             ... wielding a +1 trident of freezing
              (13 damage)
             ... on level 3 of the Lair of Beasts on Feb 18, 2023.
             The game lasted 01:45:15 (24714 turns).

promet the Spear-Bearer (Merfolk Fighter)          Turns: 24714, Time: 01:45:16

Health: -9/99      AC: 23    Str: 21    XL:     12   Next: 88%
Magic:  12/12      EV:  9    Int:  8    God:    Wu Jian [***...]
Gold:   855        SH:  0    Dex: 15    Spells: 11/11 levels left

rFire   . . .      SeeInvis .   a - +0 glaive
rCold   . . .      Faith    .   (shield currently unavailable)
rNeg    . . .      Spirit   .   S - +0 plate armour
rPois   +          Reflect  .   (no helmet)
rElec   .          Harm     .   k - +2 cloak
rCorr   .          Rampage  .   t - +2 pair of gloves
Will    .....                   O - +2 pair of boots
Stlth   ..........              (no amulet)
HPRegen 0.26/turn               q - ring "Peosch" {Dex+2 Slay+4}
MPRegen 0.13/turn               w - ring of poison resistance

@: about to teleport
A: (nimble swimmer 2), mertail
a: Renounce Religion, Wall Jump, Serpent's Lash


You were on level 3 of the Lair of Beasts.
You worshipped Wu Jian.
Wu Jian was most pleased with you.
You visited 2 branches of the dungeon, and saw 14 of its levels.

You collected 897 gold pieces.
You spent 42 gold pieces at shops.

Inventory:

Hand Weapons
 a - a +0 glaive (weapon)
 b - a +0 arbalest
 o - a +1 long sword of holy wrath
 r - a +0 longbow
 s - a +0 sling
 u - a +1 scimitar of flaming
 D - a +2 vampiric long sword
 E - a +2 dagger of electrocution
 G - a +0 great sword
 M - a +2 antimagic spear
 P - a +1 morningstar of flaming
 T - a +1 vorpal war axe
Missiles
 d - 10 poisoned darts
 g - 133 stones
 l - 6 boomerangs
 I - 8 silver javelins
 J - 3 atropa-tipped darts (quivered)
 X - 16 javelins
Armour
 c - a +0 buckler
 k - a +2 cloak (worn)
 m - +0 ice dragon scales
 t - a +2 pair of gloves (worn)
 O - a +2 pair of boots (worn)
 Q - +0 steam dragon scales
 R - a +0 chain mail
 S - a +0 plate armour (worn)
Magical Staves
 j - a staff of fire
Jewellery
 q - the ring "Peosch" (left hand) {Dex+2 Slay+4}
   (You found it on level 4 of the Dungeon)

   [ring of slaying]

   Dex:       It affects your dexterity (+2).
   Slay:      It affects your accuracy & damage with ranged weapons and melee
   (+4).
 w - a ring of poison resistance (right hand)
 x - a +6 ring of intelligence
 A - a ring of ice
 C - a ring of resist corrosion
 H - a ring of positive energy
Wands
 e - a wand of flame (33)
 y - a wand of charming (6)
 L - a wand of polymorph (5)
 U - a wand of digging (2)
Scrolls
 f - a scroll of enchant armour
 n - 7 scrolls of poison
 v - 3 scrolls of teleportation
 z - a scroll of brand weapon {unknown}
 F - 2 scrolls of immolation
 V - a scroll of enchant weapon
 Z - a scroll of magic mapping
Potions
 h - 3 potions of attraction
 i - 8 potions of curing
 p - 3 potions of flight
 B - a potion of might
 K - 2 potions of lignification
 W - a potion of berserk rage


   Skills:
 + Level 10.9 Fighting
 + Level 6.5 Long Blades
 + Level 0.6(5.9) Axes
 + Level 14.4 Polearms
 * Level 6.8 Ranged Weapons
 + Level 3.6 Throwing
 + Level 7.6 Armour
 + Level 5.8 Dodging
 + Level 3.1 Stealth
 + Level 4.0 Shields


You had 11 spell levels left.
You didn't know any spells.
Your spell library contained the following spells:

 Spells                   Type           Power      Damage    Failure   Level
 Beastly Appendage        Tmut           0%         N/A       100%        1
 Shock                    Conj/Air       0%         1d3       100%        1
 Blink                    Tloc           0%         N/A       100%        2
 Wereblood                Tmut           0%         N/A       100%        2
 Lesser Beckoning         Tloc           0%         N/A       100%        3
 Spider Form              Tmut/Pois      0%         N/A       100%        3
 Swiftness                Air            0%         N/A       100%        3
 Airstrike                Air            0%         2d(0-16)  100%        4
 Manifold Assault         Tloc           0%         N/A       100%        5


Dungeon Overview and Level Annotations

Branches:
Dungeon (11/15)            Temple (0/1) D:6            Lair (3/5) D:10
 Shoals (0/4) Lair:3       Spider (0/4) Lair:3
    Orc: D:9-12

Altars:
Cheibriados
Dithmenos
Hepliaklqana
Makhleb
Nemelex Xobeh
Okawaru
Sif Muna
Trog
Uskayaw
Wu Jian
Xom

Shops:
D:1 (   D:3 [   D:5 *   D:9 [

Annotations:
D:10 6 transporters
Lair:2 2 transporters


Innate Abilities, Weirdness & Mutations

((You are very nimble when in or above water. (Stealth+, EV+, Speed+++)))
Your lower body shifts to a powerful aquatic tail in water.


Message History

The merfolk hits you with a +1 trident of freezing!
The merfolk freezes you.
You closely miss the merfolk.
The merfolk is severely wounded.
The merfolk hits you with a +1 trident of freezing!
The merfolk freezes you.
The merfolk hits you but does no damage.
You slash the merfolk!
The merfolk is severely wounded.
The merfolk hits you with a +1 trident of freezing!!
* * * LOW HITPOINT WARNING * * *
The merfolk freezes you!
* * * LOW HITPOINT WARNING * * *
As you read the scroll of fear, it crumbles to dust.
You assume a fearsome visage.
The merfolk resists with some effort.
The merfolk hits you but does no damage.
The merfolk hits you with a +1 trident of freezing.
* * * LOW HITPOINT WARNING * * *
The merfolk freezes you.
* * * LOW HITPOINT WARNING * * *
You feel much better. The merfolk closely misses you.
You slash the merfolk!
The merfolk is almost dead.
The merfolk hits you with a +1 trident of freezing.
* * * LOW HITPOINT WARNING * * *
The merfolk freezes you.
* * * LOW HITPOINT WARNING * * *
The merfolk hits you with a +1 trident of freezing!
* * * LOW HITPOINT WARNING * * *
The merfolk freezes you.
* * * LOW HITPOINT WARNING * * *
As you read the scroll of teleportation, it crumbles to dust.
You feel strangely unstable.
The merfolk hits you with a +1 trident of freezing!
* * * LOW HITPOINT WARNING * * *
The merfolk freezes you.
* * * LOW HITPOINT WARNING * * *
The merfolk attacks as you move away!
The merfolk hits you with a +1 trident of freezing!
You die...

.##.............##.....##....#P..
.##.............##......#..####..
.##.....##.......#....###..# #...
.##.....#.'.##.#.#.....##..###...
###......#..P#..#......).........
#.#..............................
.................................
.................................
................@................
.....[...#######.m........<......
........#.......#........###.....
..#.....#..###..#......#~..###...
...##..#..#.#.#..#.....#.~.###...
..###..#####>###.#.....##~..###..
...#...#..#.#.#..#.....##~~.##+..
...##...#..###..#.......##~#.##..
..##...<#.......#..<....##~>.#...


You could see a merfolk (fast).

Vanquished Creatures
  A minotaur (Lair:1)
  2 hydras
  2 two-headed ogres (D:9)
  Erica (D:10)
  A merfolk siren (Lair:3)
  7 cane toads
  5 komodo dragons
  Maggie (D:8)
  A rime drake (Lair:2)
  A polar bear (Lair:1)
  2 merfolk (Lair:3)
  A meliai (Lair:2)
  Grinder (D:3)
  A hornet (D:7)
  4 blink frogs (Lair:2)
  5 wyverns
  A wraith (D:10)
  A basilisk (D:10)
  Grum (D:8)
  30 yaks
  3 steam dragons
  10 water moccasins
  2 sky beasts
  An ice beast (D:7)
  4 black bears
  2 orc warriors (D:7)
  4 ogres
  6 wolves
  5 centaurs
  A phantom (D:6)
  Blork the orc (D:4)
  7 bullfrogs
  A necrophage (D:8)
  7 scorpions
  14 killer bees
  An electric eel (Lair:1)
  4 howler monkeys
  A crimson imp (D:4)
  3 hounds
  4 jellies
  2 orc priests
  Natasha (twice) (D:1)
  3 iguanas
  9 orc wizards
  6 hell rats (Lair:3)
  A mummy (D:7)
  14 adders
  2 white imps
  An ufetubus (D:6)
  3 worms
  2 dart slugs (D:2)
  28 orcs
  6 ball pythons
  5 endoplasms
  5 giant cockroaches
  11 goblins
  6 hobgoblins
  6 jackals
  8 kobolds
  5 quokkas
  13 bats
  9 frilled lizards
  2 hobgoblin zombies (D:7)
  A kobold zombie (D:7)
  An orc zombie (D:7)
  5 rats
306 creatures vanquished.

Vanquished Creatures (others)
  A swamp drake (D:10)
  A bat (D:6)
  24 fungi
  32 plants
58 creatures vanquished.

Grand Total: 364 creatures vanquished

Notes
Turn   | Place    | Note
-------+----------+-------------------------------------------
     0 | D:1      | promet the Merfolk Fighter began the quest for the Orb.
     0 | D:1      | Reached XP level 1. HP: 18/18 MP: 1/1
   112 | D:1      | Found a faded altar of an unknown god.
   170 | D:1      | Reached XP level 2. HP: 16/24 MP: 2/2
   464 | D:1      | Reached skill level 3 in Polearms
   677 | D:1      | Found Issuilu's Weapon Shoppe.
   913 | D:1      | Reached XP level 3. HP: 28/29 MP: 3/3
  1440 | D:2      | Reached XP level 4. HP: 19/37 MP: 4/4
  1632 | D:2      | Reached skill level 4 in Polearms
  2160 | D:2      | Noticed Natasha
  2176 | D:1      | Killed Natasha
  2177 | D:1      | Reached XP level 5. HP: 19/42 MP: 5/5
  2408 | D:1      | Noticed Natasha
  2415 | D:1      | Killed Natasha
  3096 | D:3      | Noticed Grinder
  3118 | D:3      | Paralysed by Grinder for 3 turns
  3125 | D:3      | Paralysed by Grinder for 2 turns
  3128 | D:3      | Killed Grinder
  3129 | D:3      | Reached skill level 5 in Polearms
  3129 | D:3      | Reached XP level 6. HP: 24/48 MP: 6/6
  3523 | D:3      | Found Usumaomu's Antique Armour Boutique.
  3730 | D:3      | Found a bloodstained altar of Trog.
  4092 | D:3      | Reached skill level 6 in Polearms
  4447 | D:4      | Identified the ring "Peosch" {Dex+2 Slay+4}
  4482 | D:4      | Noticed Blork the orc
  4499 | D:4      | Killed Blork the orc
  4500 | D:4      | Reached XP level 7. HP: 40/55 MP: 7/7
  5194 | D:4      | Reached skill level 7 in Polearms
  5378 | D:5      | Entered Level 5 of the Dungeon
  5875 | D:5      | Reached XP level 8. HP: 55/61 MP: 8/8
  5947 | D:5      | Reached skill level 1 in Throwing
  5998 | D:5      | Found Seichow's General Store.
  6010 | D:5      | Bought a scroll of teleportation for 42 gold pieces
  6281 | D:5      | Reached skill level 5 in Fighting
  6281 | D:5      | Reached skill level 8 in Polearms
  6281 | D:5      | Reached skill level 1 in Stealth
  7447 | D:6      | Found an ornate altar of the Wu Jian Council.
  7484 | D:6      | Reached skill level 1 in Ranged Weapons
  7484 | D:6      | Became a worshipper of the Wu Jian Council
  7635 | D:6      | Reached skill level 9 in Polearms
  7646 | D:6      | Reached XP level 9. HP: 55/68 MP: 9/9
  7762 | D:6      | Found the +7 Singing Sword {vorpal, sonic wave}
  7883 | D:6      | Found a staircase to the Ecumenical Temple.
  8343 | D:6      | Found an iron altar of Okawaru.
  8356 | D:6      | Reached * piety under Wu Jian
  9113 | D:7      | Noticed a hornet
  9129 | D:7      | Killed a hornet
  9632 | D:7      | Found a burning altar of Makhleb.
  9633 | D:7      | Noticed a green death
  9720 | D:7      | Reached skill level 10 in Polearms
 10215 | D:7      | Reached skill level 5 in Dodging
 10872 | D:7      | Reached skill level 5 in Armour
 11179 | D:8      | Noticed Grum
 11188 | D:8      | Reached XP level 10. HP: 72/77 MP: 10/10
 11196 | D:8      | Killed Grum
 11197 | D:8      | Reached skill level 11 in Polearms
 11717 | D:8      | Found a shimmering altar of Xom.
 11799 | D:8      | Noticed Maggie
 11819 | D:8      | Killed Maggie
 12967 | D:8      | Found a sparkling altar of Nemelex Xobeh.
 13103 | D:9      | Found a shadowy altar of Dithmenos.
 13167 | D:9      | Found a shimmering blue altar of Sif Muna.
 13305 | D:9      | Noticed a two-headed ogre
 13320 | D:9      | Killed a two-headed ogre
 13618 | D:9      | Found Tatyabeps's Armour Shop.
 13973 | D:9      | Noticed a two-headed ogre
 14027 | D:9      | Killed a two-headed ogre
 14028 | D:9      | Reached skill level 12 in Polearms
 14474 | D:10     | Entered Level 10 of the Dungeon
 14474 | D:10     | Noticed Erica
 14486 | D:10     | Killed Erica
 14515 | D:10     | Found a transporter.
 14522 | D:10     | Found a transporter.
 14784 | D:10     | Noticed an eight-headed hydra
 14841 | D:10     | Found a snail-covered altar of Cheibriados.
 14853 | D:10     | Found a transporter.
 14880 | D:10     | Reached XP level 11. HP: 71/87 MP: 11/11
 14893 | D:10     | Found a transporter.
 15170 | D:10     | Reached ** piety under Wu Jian
 15768 | D:10     | Reached skill level 1 in Long Blades
 15955 | D:10     | Found a staircase to the Lair.
 16088 | D:10     | Found a hazy altar of Hepliaklqana.
 16111 | D:10     | Found a transporter.
 16113 | D:10     | Found a transporter.
 16155 | D:10     | Found a hide-covered altar of Uskayaw.
 16195 | D:11     | Noticed a two-headed ogre
 16246 | D:10     | Killed a three-headed hydra
 16755 | Lair:1   | Entered Level 1 of the Lair of Beasts
 17734 | Lair:1   | Reached skill level 5 in Ranged Weapons
 18228 | Lair:1   | Noticed an eight-headed hydra
 18615 | Lair:1   | Found a runed translucent door.
 18809 | Lair:1   | You fall into a shaft and drop 1 floor!
 18830 | Lair:2   | Reached skill level 13 in Polearms
 19440 | Lair:1   | Noticed a minotaur
 19801 | Lair:1   | Killed a minotaur
 19802 | Lair:1   | Reached skill level 5 in Long Blades
 19802 | Lair:1   | Reached XP level 12. HP: 89/97 MP: 12/12
 20046 | Lair:1   | Killed a five-headed hydra
 20047 | Lair:1   | Reached skill level 10 in Fighting
 21895 | Lair:2   | Found a transporter.
 21896 | Lair:2   | Found a transporter.
 21896 | Lair:2   | Noticed a boulder beetle
 22070 | Lair:3   | Found a hole to the Spider Nest.
 23078 | Lair:3   | Reached skill level 14 in Polearms
 23483 | Lair:3   | Reached *** piety under Wu Jian
 23810 | Lair:3   | Found a staircase to the Shoals.
 24710 | Lair:3   | HP: 3/99 [merfolk/+1 trident of freezing (2)]
 24714 | Lair:3   | Mangled by a merfolk

Illustrated notes

Levels and vault maps discovered:
D:1:      saegor_arrival_simple_a, layout_loops_ring,
          nicolae_ecumenical_snake_handling, serial_shops,
          nicolae_shop_bloodbath_and_beyond
D:2:      layout_basic, serial_aquarium, aquarium_bridge_straight
          [aquarium_subvault_bridge, aquarium_subvault_wall,
          aquarium_subvault_bridge, aquarium_subvault_wall],
          aquarium_bridge_long_joined [aquarium_subvault_bridge,
          aquarium_subvault_window, aquarium_subvault_wall,
          aquarium_subvault_bridge, aquarium_subvault_bridge,
          aquarium_subvault_balcony], aquarium_window_corridor_1,
          aquarium_window_2, aquarium_view_2b, aquarium_view_2f,
          aquarium_pool_corner, minmay_3d_cube, uniq_natasha
D:3:      layout_loops_ring, lightli_temple_of_fire, serial_glass,
          glass_columns_a, glass_columns_c, serial_shops, shop,
          minmay_quantized, uniq_grinder
D:4:      layout_basic, minmay_fire_ice_demons, uniq_blork_the_orc
D:5:      layout_loops_ring, serial_shops, nicolae_lakefront_shop
D:6:      old_forge, layout_loops_corners, mainiacjoe_overflow_brackets,
          mainiacjoe_overflow_chevrons, minmay_temple_entry_steel_oval,
          st_stairs_4
D:7:      layout_gridville, makhleb_altar_promises_db, serial_rivers,
          chequers_serial_rivers_micro_d, chequers_serial_rivers_small_3,
          chequers_serial_rivers_micro_d, chequers_serial_rivers_micro_e,
          minmay_mini_ossuary
D:8:      layout_loops_ring, nicolae_overflow_crystal_walls, kennysheep_mini,
          uniq_maggie, uniq_grum
D:9:      layout_roguey, nicolae_dithmenos_shadow_blocks,
          nicolae_sif_muna_little_library, serial_shops, shop_statue
D:10:     layout_gridville, mainiacjoe_overflow_small_starburst,
          mainiacjoe_overflow_big_doors, erik_lair_dragon,
          serial_nicolae_subway, nicolae_sub_station_crystal,
          nicolae_sub_station_metal, nicolae_sub_station_stone, uniq_erica
D:11:     layout_gridville, serial_glass, glass_columns_b, glass_columns_b,
          minmay_beelzebubs_servants
Lair:1:   dreamdust_labyrinth, layout_cave_pods, infiniplex_staircase_pool
Lair:2:   gammafunk_boulding_lane, layout_cave_pods, gauntlet_entry_generic,
          serial_bayou_shore_a, lemuel_fruit_tree, grunt_megastairs_5
Lair:3:   layout_regular_city, elwin_shoals_entry_stream,
          hellmonk_spider_entry_not_the_bees

Skill      XL: |  1  2  3  4  5  6  7  8  9 10 11 12 |
---------------+-------------------------------------+-----
Polearms       | 3 4 5 6 7 9 10 12 13 14 | 14.4
Dodging        | 2 3 4 5 |  5.8
Fighting       | 4 5 6 8 9 10 | 10.9
Armour         | 3 4 5 6 7 |  7.6
Throwing       | 2 3 |  3.6
Stealth        | 1 2 3 |  3.1
Ranged Weapons | 1 3 4 5 6 |  6.8
Shields        | 4 |  4.0
Long Blades    | 5 6 |  6.5
Axes           | |  0.6

Action                   |  1- 3 |  4- 6 |  7- 9 | 10-12 || total
-------------------------+-------+-------+-------+-------++-------
Melee: Trident           |   103 |   214 |   313 |   447 ||  1077
       Punch             |       |       |     2 |     9 ||    11
       Tailslap          |       |       |     1 |     3 ||     4
       Spear             |       |       |       |    33 ||    33
       War axe           |       |       |       |    12 ||    12
       Scimitar          |       |       |       |    13 ||    13
       Long sword        |       |       |       |     8 ||     8
       Great sword       |       |       |       |     2 ||     2
       Glaive            |       |       |       |   131 ||   131
       Arbalest          |       |       |       |     1 ||     1
 Fire: Sling             |       |     3 |     3 |       ||     6
       Longbow           |       |       |    37 |    75 ||   112
       Arbalest          |       |       |       |    92 ||    92
Throw: Boomerang         |       |     2 |    22 |     2 ||    26
       Dart              |       |     1 |    12 |    15 ||    28
       Throwing net      |       |       |       |     1 ||     1
Invok: Whirlwind         |       |       |     5 |     7 ||    12
       Lunge             |       |       |     2 |     5 ||     7
Evoke: Wand              |       |       |     1 |     1 ||     2
  Use: Potion            |     1 |     1 |       |    20 ||    22
       Scroll            |       |     9 |     5 |    20 ||    34
 Stab: Held in net/web   |       |       |     1 |     2 ||     3
       Confused          |       |       |       |     1 ||     1
Armor: Scale mail        |    52 |    33 |       |       ||    85
       Ice dragon scales |       |    55 |   135 |    23 ||   213
       Plate armour      |       |       |       |   382 ||   382
       Chain mail        |       |       |       |     2 ||     2
Dodge: Dodged            |    42 |    94 |   149 |   259 ||   544
Block: Buckler           |    20 |    52 |     6 |       ||    78
